cohdb
Replays
Latest Replays
All Replays
Popular Replays
Top Player Replays
Match Explorer
How It Works
Community
CoH3 Stats
Reddit
Sign in to upload your games and track your stats! →
Sign in with Steam
Match 41352470
Unlisted
Match 41352470
Overview
Messages
Build Orders
End
Panzergrenadier Squad
Selects Italian Combined Arms Battlegroup
Selects Bersaglieri Squad
Bersaglieri Squad
Construct Light Support Kompanie
Bersaglieri Squad
2.5-tonne Medical Truck
Selects Bersaglieri Bolster
Fire Support Elements
le.IG 18 Mechanized Group
2.5-tonne Medical Truck
Selects Breda Model 30 Light Machine Guns
Panzerjäger Squad
Brothers in Trenches
KeineZeit
早濑优香的全家鸡块
Particycles
kampfer
OUTSKILLED BY CAMO MG42
0
0
Comments
sign in to comment!
No comments posted yet!